 Dungeon Crawl Stone Soup version 0.15-a0-1363-g87d8b17 (webtiles) character file.

100 Quh the Magician (level 4, 0/30 HPs)
             Began as a Demonspawn Wizard on June 9, 2014.
             Slain by a giant frog (3 damage)
             ... on Level 3 of the Dungeon.
             The game lasted 00:11:44 (2781 turns).

Quh the Magician (Demonspawn Wizard)                Turns: 2781, Time: 00:11:44

HP   0/30        AC  6     Str  7      XL: 4   Next: 47%
MP   0/9         EV 12     Int 21      God:
Gold 60          SH  0     Dex 11      Spells:  4 memorised,  2 levels left

rFire  . . .     SeeInvis .     e - +0 short sword
rCold  . . .     Clarity  .     a - +0 robe
rNeg   . . .     rCorr    .     (no shield)
rPois  .         rRot     .     b - +0 hat
rElec  .         Spirit   .     (no cloak)
SustAb .         Warding  .     (no gloves)
rMut   .         Stasis   .     (no boots)
Gourm  .                        (no amulet)
MR     +....                    (no ring)
                                k - ring of protection from magic

@: very slightly contaminated, somewhat resistant to hostile enchantments,
unstealthy
A: iridescent scales 1
a: no special abilities


You were on level 3 of the Dungeon.
You were not hungry.

You visited 1 branch of the dungeon, and saw 3 of its levels.

You collected 60 gold pieces.

Inventory:

Hand weapons
 e - a +0,+0 short sword (weapon)
 t - a +0,+0 short sword
Missiles
 h - 57 stones (quivered)
Armour
 a - a +0 robe (worn)
 b - a +0 hat (worn)
Comestibles
 d - 3 bread rations
 l - a meat ration
 r - a royal jelly
 z - a rotting chunk of hobgoblin flesh
Scrolls
 g - a scroll of enchant weapon II {unknown}
 i - a scroll of recharging {unknown}
 j - a scroll of amnesia
 n - a scroll of identify {unknown}
 o - a scroll of immolation {unknown}
 p - a scroll of magic mapping {unknown}
 s - a scroll of fog
 u - a scroll of fear {unknown}
 y - a scroll of random uselessness {unknown}
 A - a scroll of remove curse
Jewellery
 k - a ring of protection from magic (left hand)
Potions
 f - 3 potions of curing {unknown}
 m - 2 potions of confusion {unknown}
 q - a potion of resistance {unknown}
 v - a potion of haste {unknown}
 w - a potion of heal wounds {unknown}
 x - a potion of might {unknown}
Books
 c - a book of Minor Magic

   Spells                             Type                      Level
   *Magic Dart                        Conjuration                  1
   *Blink                             Translocation                2
   *Call Imp                          Summoning                    2
   *Repel Missiles                    Charms/Air                   2
   Slow                               Hexes                        2
   Conjure Flame                      Conjuration/Fire             3
   Mephitic Cloud                     Conjuration/Poison/Air       3
 B - a book of Enchantments

   Spells                             Type                      Level
   Tukima's Dance                     Hexes                        3
   Cause Fear                         Hexes                        4
   Silence                            Hexes/Air                    5
   Deflect Missiles                   Charms/Air                   6
   Haste                              Charms                       6
   Discord                            Hexes                        8


   Skills:
 - Level 1.7 Dodging
 - Level 1.7 Stealth
 * Level 3.1 Spellcasting
 * Level 2.6 Conjurations
 * Level 2.3 Summonings
 * Level 2.2 Translocations


You had 2 spell levels left.
You knew the following spells:

 Your Spells              Type           Power        Failure   Level  Hunger
a - Magic Dart            Conj           ##..         6%          1    None
b - Blink                 Tloc           N/A          10%         2    ##.....
c - Call Imp              Summ           ##......     10%         2    ##.....
d - Repel Missiles        Chrm/Air       #.....       21%         2    ##.....


Dungeon Overview and Level Annotations

Branches:
Dungeon (3/15)

Altars:
Makhleb
Nemelex Xobeh
Trog

Annotations:
D:3 Amnesiac's ghost, weakling KoEn


Innate Abilities, Weirdness & Mutations

You are partially covered in iridescent scales (AC +4).


Message History

The giant frog hits you. The giant frog barely misses you.
You swap places.
Your iron imp disappears in a puff of smoke!
The giant frog hits your crimson imp but does no damage.
Your crimson imp blinks!
The giant frog barely misses you. The giant frog hits you.
* * * LOW HITPOINT WARNING * * *
The giant frog closely misses you. The giant frog barely misses you.
The giant frog hits you!
* * * LOW HITPOINT WARNING * * *
The giant frog barely misses you.
Casting: Blink
Confirm with . or Enter, or press ? or * to list all spells.
You blink.
Your crimson imp disappears in a puff of smoke!
The giant frog hits you.
You die...

### #...# ##...
#####.#.#############
.....#######...........)........
#............[..#..........######
.......%.####...###........#
.##.####.##............#...#
##.##...#..%.....#.#####
#...ยง.....F.....#......#
##....#####@...#.....##.##
#.....#####..........##..###
#....#..............####....
#....<...(...........###...#
#####................(......
####...###.#......######
.........................
####..#.#####....#### #. #.##.#
#....##.#


You could see a giant frog.

Vanquished Creatures
  An adder (D:3)
  3 gnolls (D:2)
  A giant gecko (D:2)
  3 ball pythons (D:2)
  5 bats
  5 giant cockroaches
  3 goblins
  3 hobgoblins
  9 kobolds
  A giant newt (D:2)
  A quokka (D:3)
  6 rats
41 creatures vanquished.

Vanquished Creatures (collateral kills)
  4 gnolls (D:2)
  An adder (D:3)
  A hobgoblin (D:2)
  A kobold (D:2)
  A quokka (D:2)
8 creatures vanquished.

Vanquished Creatures (others)
  3 crimson imps (D:2)
  A shadow imp (D:2)
  2 white imps (D:2)
6 creatures vanquished.

Grand Total: 55 creatures vanquished

Notes
Turn   | Place    | Note
--------------------------------------------------------------
     0 | D:1      | Quh, the Demonspawn Wizard, began the quest for the Orb.
     0 | D:1      | Reached XP level 1. HP: 13/13 MP: 4/4
   238 | D:1      | Gained mutation: You are partially covered in iridescent scales (AC +4). [demonic ancestry]
   238 | D:1      | Reached XP level 2. HP: 19/19 MP: 0/6
   242 | D:1      | Learned a level 2 spell: Blink
   245 | D:1      | Learned a level 2 spell: Call Imp
   248 | D:1      | Learned a level 2 spell: Repel Missiles
   440 | D:1      | Reached skill level 1 in Translocations
  1288 | D:2      | Reached XP level 3. HP: 24/24 MP: 5/7
  1850 | D:2      | Found a sparkling altar of Nemelex Xobeh.
  2091 | D:2      | Reached XP level 4. HP: 30/30 MP: 0/9
  2422 | D:2      | Found a bloodstained altar of Trog.
  2422 | D:2      | Found a burning altar of Makhleb.
  2491 | D:3      | Noticed Amnesiac's ghost (weakling KoEn)
  2739 | D:3      | Noticed a giant frog
  2781 | D:3      | Slain by a giant frog

Action                   |  1- 3 |  4- 6 || total
-------------------------+-------+-------++-------
Melee: Short sword       |    14 |     6 ||    20
 Cast: Magic Dart        |    81 |    17 ||    98
       Call Imp          |     9 |     8 ||    17
       Blink             |       |     3 ||     3
  Use: Scroll            |     4 |       ||     4
